 Dungeon Crawl Stone Soup version 0.31-a0-845-g9abc20d24f (webtiles) character file.

Game seed: 16076824914647143337

4960 AlexRAT the Cleaver (level 10, -6/139 HPs)
             Began as a Minotaur Berserker on Oct 3, 2023.
             Was an Elder of Trog.
             Mangled by a two-headed ogre
             ... wielding a +0 giant club
              (17 damage)
             ... on level 9 of the Dungeon.
             The game lasted 00:15:30 (8466 turns).

AlexRAT the Cleaver (Minotaur Berserker)            Turns: 8466, Time: 00:15:30

Health: -6/139     AC: 10    Str: 27    XL:     10   Next: 28%
Magic:  9/9        EV: 12    Int:  4    God:    Trog [****..]
Gold:   421        SH:  0    Dex:  9    Spells: 9/9 levels left

rFire   . . .        D - +0 war axe
rCold   . . .        (no shield)
rNeg    . . .        j - +1 scale mail
rPois   .            (helmet restricted)
rElec   .            y - +0 cloak
rCorr   .            (no gloves)
SInv    .            (no boots)
Will    ++...        (no amulet) Stlth
                     t - ring of willpower
HPRegen 0.43/turn    g - ring of willpower
MPRegen 0.11/turn

%: no passive effects
@: berserking, very quick
A: horns 2, retaliatory headbutt
a: Renounce Religion, Berserk, Trog's Hand, Brothers in Arms


You were on level 9 of the Dungeon.
You worshipped Trog.
Trog was greatly pleased with you.
You visited 1 branch of the dungeon, and saw 9 of its levels.

You collected 421 gold pieces.

Inventory:

Hand Weapons
 a - a +0 hand axe
 D - a +0 war axe (weapon)
Armour
 j - a +1 scale mail (worn)
 y - a +0 cloak (worn)
 z - +0 steam dragon scales
Jewellery
 e - a ring of poison resistance
 g - a ring of willpower (right hand)
 m - a +6 ring of strength
 t - a ring of willpower (left hand)
 B - a ring of ice
Wands
 i - a wand of charming (9)
 v - a wand of flame (15)
Scrolls
 c - 3 scrolls of teleportation
 l - 2 scrolls of fog
 n - a scroll of fear
 r - a scroll of immolation
 s - 2 scrolls of enchant armour
 w - a scroll of revelation
 x - a scroll of blinking
 A - a scroll of identify
Potions
 b - a potion of lignification
 d - a potion of might {unknown}
 f - 3 potions of invisibility
 h - a potion of mutation {unknown}
 k - 2 potions of ambrosia {unknown}
 o - 5 potions of curing {unknown}
 p - a potion of attraction {unknown}
 q - a potion of heal wounds {unknown}
 u - a potion of magic {unknown}
 C - a potion of cancellation {unknown}


   Skills:
 + Level 9.8 Fighting
 + Level 9.9 Axes
 + Level 9.4 Armour
 + Level 8.6 Dodging


You had 9 spell levels left.
You didn't know any spells.
Your spell library was empty.

Dungeon Overview and Level Annotations

Branches:
Dungeon (9/15)             Temple (0/1) D:7            Lair (0/5) D:8
    Orc: D:9-12

Altars:
Ashenzari
Elyvilon
Qazlal
Sif Muna
Trog
Wu Jian
The Shining One

Shops:
D:1 (


Innate Abilities, Weirdness & Mutations

You have a pair of horns on your head.
You reflexively headbutt those who attack you in melee.


Message History

The steam dragon claws you but does no damage.
The two-headed ogre is engulfed in a cloud of scalding steam.
The two-headed ogre hits you with a +0 giant club!!
The two-headed ogre misses you.
A two-headed ogre comes into view. It is wielding two +0 giant clubs.
The steam dragon barely misses you. The steam dragon closely misses you.
You hit the steam dragon but do no damage.
Your headbutt misses the steam dragon.
The steam dragon is severely wounded.
The steam dragon closely misses you. You furiously retaliate!
You headbutt the steam dragon. The steam dragon barely misses you.
A red film seems to cover your vision as you go berserk!
You feel yourself moving faster!
You feel mighty! The two-headed ogre barely misses you.
You furiously retaliate!
You headbutt the two-headed ogre!
The two-headed ogre hits you with a +0 giant club!!
The steam dragon breathes steam at you. The ball of steam hits you.
You slash the steam dragon!
You kill the steam dragon!
Trog accepts your kill.
You slash the two-headed ogre!
You are engulfed in a cloud of scalding steam.
You slash the two-headed ogre!
Your headbutt misses the two-headed ogre.
The two-headed ogre is severely wounded.
You are engulfed in a cloud of scalding steam.
The two-headed ogre hits you with a +0 giant club! x2
* * * LOW HITPOINT WARNING * * *
You slice the two-headed ogre!!
You kill the two-headed ogre!
Trog accepts your kill.
Unknown command.
You are engulfed in a cloud of scalding steam.
* * * LOW HITPOINT WARNING * * *
You feel a strong urge to attack something.
The two-headed ogre hits you with a +0 giant club!
* * * LOW HITPOINT WARNING * * *
The two-headed ogre hits you with a +0 giant club!
You die...

####........#
..###......##
#.......#
..........##
##.......#
..).......#
#........#
.....#...##
##$....=..#
..[).##.##
#.........#
..#).####
#.........# ..#..#
##...O....# ..#.##
#....@..[# ..#.#
#.§§§....# ###.#
##).§...## ....#
#####.§.....#
....####.....###..##
###........### ####
##.....### ##..###
###.##


You could see a two-headed ogre.

Vanquished Creatures
  3 two-headed ogres (D:9)
  2 wyverns
  3 steam dragons
  Edmund (D:4)
  An acid dragon (D:8)
  A sky beast (D:6)
  An orc warrior (D:9)
  2 black bears (D:4)
  4 centaurs
  A phantom (D:6)
  5 bullfrogs
  4 scorpions
  3 howler monkeys (D:9)
  4 jellies
  3 gnoll boudas
  4 orc priests
  3 hounds
  2 sleepcaps
  3 iguanas
  Natasha (thrice) (D:3)
  2 orc wizards (D:4)
  12 gnolls
  6 adders
  A white imp (D:5)
  2 worms
  A dart slug (D:4)
  25 orcs
  6 endoplasms
  2 giant cockroaches
  4 goblins
  8 hobgoblins
  7 jackals
  8 kobolds
  2 quokkas (D:3)
  8 ball pythons
  7 bats
  4 frilled lizards
  5 rats
163 creatures vanquished.

Notes
Turn   | Place    | Note
-------+----------+-------------------------------------------
     0 | D:1      | AlexRAT the Minotaur Berserker began the quest for the Orb.
     0 | D:1      | Reached XP level 1. HP: 19/19 MP: 0/0
   119 | D:1      | Found Ciacyheci's Weapon Shoppe.
   139 | D:1      | Found a faded altar of an unknown god.
   149 | D:1      | Reached XP level 2. HP: 19/27 MP: 1/1
  1140 | D:2      | Reached XP level 3. HP: 33/33 MP: 2/2
  1456 | D:3      | Reached ** piety under Trog
  1927 | D:3      | Reached XP level 4. HP: 39/40 MP: 3/3
  1928 | D:3      | Noticed Natasha
  1935 | D:3      | Killed Natasha
  2375 | D:3      | Noticed Natasha
  2380 | D:3      | Killed Natasha
  2381 | D:3      | Reached XP level 5. HP: 38/47 MP: 4/4
  2491 | D:3      | Noticed Natasha
  2502 | D:3      | Killed Natasha
  2620 | D:4      | Noticed a black bear
  2640 | D:4      | Reached skill level 5 in Axes
  2643 | D:4      | Reached skill level 5 in Fighting
  2647 | D:4      | Killed a black bear
  2648 | D:4      | Reached XP level 6. HP: 24/56 MP: 5/5
  3017 | D:4      | Reached *** piety under Trog
  3027 | D:4      | Found a glowing golden altar of the Shining One.
  3151 | D:4      | Reached skill level 5 in Armour
  3151 | D:4      | Reached XP level 7. HP: 62/62 MP: 6/6
  3549 | D:4      | Noticed Edmund
  3562 | D:4      | Killed Edmund
  3771 | D:5      | Entered Level 5 of the Dungeon
  3811 | D:5      | Reached skill level 5 in Dodging
  3938 | D:5      | Found a stormy altar of Qazlal.
  4158 | D:5      | Reached XP level 8. HP: 59/71 MP: 7/7
  4629 | D:5      | Found a shimmering blue altar of Sif Muna.
  4746 | D:5      | Found an ornate altar of the Wu Jian Council.
  5342 | D:6      | Reached **** piety under Trog
  6274 | D:7      | Found a staircase to the Ecumenical Temple.
  6334 | D:7      | Reached XP level 9. HP: 81/81 MP: 8/8
  6685 | D:7      | Found a bloodstained altar of Trog.
  6721 | D:7      | Found a white marble altar of Elyvilon.
  6722 | D:7      | Found a broken altar of Ashenzari.
  6789 | D:8      | Found a staircase to the Lair.
  7865 | D:9      | Noticed a two-headed ogre
  8047 | D:9      | Noticed a two-headed ogre
  8055 | D:9      | Killed a two-headed ogre
  8215 | D:9      | Killed a two-headed ogre
  8216 | D:9      | Reached XP level 10. HP: 33/91 MP: 9/9
  8454 | D:9      | Noticed a two-headed ogre
  8459 | D:9      | Noticed a two-headed ogre
  8464 | D:9      | Killed a two-headed ogre
  8466 | D:9      | Mangled by a two-headed ogre

Illustrated notes

Levels and vault maps discovered:
D:1:      ncdulo_smallfort, layout_basic, serial_shops, shop,
          basic_ecumenical_altar, chequers_arboretum, hex_large
D:2:      layout_rooms
D:3:      layout_loops_corners, minmay_pentangle, uniq_natasha
D:4:      layout_loops_corners, nicolae_tso_carved_into_rock, uniq_edmund
D:5:      wander_river, layout_loops_ring, mainiacjoe_overflow_alcove_2,
          kennysheep_mini_moat, lemuel_blue_sif_altar, grunt_ministairs_1,
          kennysheep_minor_cross
D:6:      layout_loops_corners, mrwooster_statue_mirror,
          nicolae_figureground_sparkle
D:7:      layout_cave_pools, lemuel_coloured_pillars_altar,
          gammafunk_temple_overflow_statue, temple_fountains, st_stairs_4
D:8:      layout_cave_pools, lair_entry_dummy
D:9:      layout_cave_pods, minmay_misc_feat_tiny

Skill      XL: |  1  2  3  4  5  6  7  8  9 |
---------------+----------------------------+-----
Axes           | 4 5 6 8 9 |  9.9
Fighting       | 4 5 6 7 9 |  9.8
Armour         | 3 4 5 6 7 9 |  9.4
Dodging        | 3 4 5 6 8 |  8.6

Action                     |  1- 3 |  4- 6 |  7- 9 | 10-12 || total
---------------------------+-------+-------+-------+-------++-------
  Melee: Hand axe          |    94 |   106 |   262 |       ||   462
         Headbutt          |     7 |    17 |    51 |     2 ||    77
         Punch             |     1 |     1 |     4 |       ||     6
         War axe           |       |       |    18 |     6 ||    24
 Invoke: Berserk           |       |     1 |     6 |     1 ||     8
         Trog's Hand       |       |     1 |       |       ||     1
    Use: Scroll            |       |     4 |     7 |       ||    11
         Potion            |       |     2 |       |       ||     2
 Armour: Skin              |    21 |       |       |       ||    21
         Animal skin       |     3 |       |       |       ||     3
         Scale mail        |    26 |    76 |   203 |    14 ||   319
  Dodge: Dodged            |    55 |    72 |   171 |     8 ||   306

Table legend: (Time is in decaauts)
 A = Elapsed time spent in this place.
 B = Non-inter-level travel time spent in this place.
 C = Inter-level travel time spent in this place.
 D = Time resting spent in this place.
 E = Time spent auto-exploring this place.
 F = Levels seen in this place.
 G = Mean time per level.
                   A        B        C        D        E       F      G
               +--------+--------+--------+--------+--------+-----+--------+
         Total |   8526 |   8372 |    154 |    462 |   6762 |   9 |  947.3 |
       Dungeon |   8526 |   8372 |    154 |    462 |   6762 |   9 |  947.3 |
               +--------+--------+--------+--------+--------+-----+--------+

Top non-repeatable levels by time:
     D:3: 1234 daAuts
     D:4: 1199 daAuts
     D:6: 1183 daAuts
     D:5: 1072 daAuts
     D:9: 908 daAuts
     D:8: 804 daAuts
     D:7: 759 daAuts
     D:1: 752 daAuts
     D:2: 611 daAuts
